[ AOE2 MATCH · #495908593 ]
UnrankedKoreans vs Tatars
Player's team · LOSS
Rival team · WIN
[ REPLAY ANALYSIS · EXTRACTED FROM THE RECORDED GAME ]
Feudal
9:21
Castle
21:42
Imperial
—
| APM avg | 52.0 |
| APM peak | 92 |
| eAPM avg | 23.6 |
| Villagers / military | 77 / 32 |
Focus
⚔️ 45.9% · 🌾 54.1%
War Wagon ×10 · Skirmisher ×9 · Fire Lancer ×8 · Archer ×2 · Militia ×2 · Iron Pagoda ×1
Feudal
8:58
Castle
20:02
Imperial
—
| APM avg | 72.2 |
| APM peak | 137 |
| eAPM avg | 22.8 |
| Villagers / military | 93 / 43 |
Focus
⚔️ 18.4% · 🌾 81.6%
Skirmisher ×36 · Mangonel ×4 · Scorpion ×1 · Spearman ×1 · Battering Ram ×1
Match map
Initial resources + every placement click. Lines = walls · curves = elevation contours. ◆ gold · ⬟ stone · ● berries · ✦ relic · ◌ wall gap
Your base· Open — unwalled flank
King-Arthur's base· Open — unwalled flank
Smoothed initial terrain · ◌ = detected wall gap · hover for details
Inputs per minute
— chubstorm - - King-Arthur
Build order — chubstorm
First 150 of 227 actions detected
| 0:01 | Create | Villager (Male) |
| 0:02 | Build | House |
| 0:04 | Build | House |
| 0:18 | Create | Villager (Male) |
| 0:18 | Create | Villager (Male) |
| 0:28 | Create | Villager (Male) |
| 0:28 | Create | Villager (Male) |
| 1:33 | Create | Villager (Male) |
| 1:46 | Create | Villager (Male) |
| 2:22 | Build | Lumber Camp |
| 2:32 | Create | Villager (Male) |
| 2:33 | Create | Villager (Male) |
| 3:04 | Create | Villager (Male) |
| 3:14 | Create | Villager (Male) |
| 3:51 | Build | House |
| 3:55 | Create | Villager (Male) |
| 4:16 | Create | Villager (Male) |
| 4:33 | Build | Mill |
| 4:39 | Create | Villager (Male) |
| 5:25 | Create | Villager (Male) |
| 5:37 | Create | Villager (Male) |
| 5:37 | Create | Villager (Male) |
| 6:04 | Research | Loom |
| 6:49 | Build | Barracks |
| 7:11 | Research | Feudal Age |
| 7:31 | Build | House |
| 7:43 | Create | Militia |
| 8:09 | Create | Militia |
| 8:22 | Build | Mining Camp |
| 8:28 | Build | House |
| 9:04 | Create | Villager (Male) |
| 9:07 | Build | Palisade Wall |
| 9:07 | Build | Palisade Wall |
| 9:08 | Build | Palisade Wall |
| 9:08 | Build | Palisade Wall |
| 9:08 | Build | Palisade Wall |
| 9:09 | Build | Palisade Wall |
| 9:21 | Age | Feudal Age |
| 9:29 | Create | Villager (Male) |
| 9:44 | Build | Archery Range |
| 9:50 | Create | Villager (Male) |
| 10:13 | Create | Villager (Male) |
| 10:18 | Research | Double-Bit Axe |
| 10:37 | Build | Mill |
| 10:47 | Build | House |
| 10:48 | Build | Palisade Wall |
| 10:49 | Create | Skirmisher |
| 10:56 | Create | Villager (Male) |
| 11:19 | Create | Skirmisher |
| 11:21 | Create | Villager (Male) |
| 11:26 | Build | Palisade Wall |
| 11:40 | Create | Villager (Male) |
| 11:48 | Create | Villager (Male) |
| 11:55 | Build | House |
| 11:57 | Build | Palisade Wall |
| 11:59 | Build | Farm |
| 12:13 | Create | Skirmisher |
| 12:18 | Build | Farm |
| 12:20 | Build | Farm |
| 12:34 | Create | Villager (Male) |
| 12:40 | Build | Palisade Wall |
| 12:42 | Build | Palisade Wall |
| 12:45 | Build | Farm |
| 12:47 | Create | Skirmisher |
| 13:06 | Create | Villager (Male) |
| 13:14 | Build | Palisade Wall |
| 13:18 | Build | Lumber Camp |
| 13:24 | Build | Farm |
| 13:25 | Create | Villager (Male) |
| 13:35 | Build | Palisade Wall |
| 13:51 | Build | Farm |
| 13:53 | Create | Villager (Male) |
| 13:56 | Build | Palisade Wall |
| 14:00 | Build | Palisade Wall |
| 14:06 | Build | Farm |
| 14:08 | Create | Skirmisher |
| 14:19 | Create | Villager (Male) |
| 14:23 | Build | Farm |
| 14:29 | Create | Villager (Male) |
| 14:32 | Build | Farm |
| 14:36 | Build | Palisade Wall |
| 14:57 | Build | Farm |
| 14:57 | Build | Farm |
| 14:59 | Create | Villager (Male) |
| 15:09 | Build | Farm |
| 15:19 | Create | Villager (Male) |
| 15:32 | Create | Villager (Male) |
| 15:41 | Create | Villager (Male) |
| 15:42 | Create | Skirmisher |
| 15:44 | Build | House |
| 15:47 | Build | House |
| 15:49 | Create | Skirmisher |
| 15:58 | Build | Farm |
| 16:06 | Build | Blacksmith |
| 16:37 | Research | Fletching |
| 16:45 | Create | Villager (Male) |
| 16:48 | Build | Mining Camp |
| 16:56 | Create | Skirmisher |
| 17:09 | Build | Farm |
| 17:10 | Build | Farm |
| 17:15 | Create | Villager (Male) |
| 17:43 | Create | Villager (Male) |
| 17:47 | Build | Market |
| 18:12 | Create | Villager (Male) |
| 18:35 | Create | Villager (Male) |
| 18:37 | Build | House |
| 18:49 | Research | Castle Age |
| 19:18 | Build | Lumber Camp |
| 19:21 | Build | House |
| 19:24 | Build | House |
| 19:37 | Create | Skirmisher |
| 20:03 | Build | Archery Range |
| 20:14 | Build | House |
| 20:30 | Research | Horse Collar |
| 20:36 | Create | Archer |
| 20:36 | Create | Archer |
| 20:50 | Build | House |
| 21:42 | Age | Castle Age |
| 21:44 | Create | Villager (Male) |
| 21:46 | Create | Fire Lancer |
| 21:46 | Create | Fire Lancer |
| 21:54 | Build | Castle |
| 21:58 | Research | Bodkin Arrow |
| 21:59 | Research | Scale Mail Armor |
| 22:01 | Create | Villager (Male) |
| 22:03 | Build | House |
| 22:05 | Research | Gambesons |
| 22:09 | Build | House |
| 22:14 | Build | House |
| 22:36 | Create | Villager (Male) |
| 22:43 | Create | Villager (Male) |
| 23:02 | Create | Villager (Male) |
| 23:08 | Create | War Wagon |
| 23:08 | Create | War Wagon |
| 23:17 | Create | Fire Lancer |
| 23:22 | Create | War Wagon |
| 23:39 | Build | Watch Tower |
| 23:40 | Build | Farm |
| 23:41 | Create | Villager (Male) |
| 23:47 | Create | War Wagon |
| 23:52 | Create | Fire Lancer |
| 24:13 | Create | Villager (Male) |
| 24:15 | Build | Mill |
| 24:16 | Build | Farm |
| 24:16 | Build | Farm |
| 24:16 | Build | Farm |
| 24:16 | Build | Farm |
| 24:17 | Build | Farm |
| 24:17 | Build | Farm |
| 24:17 | Build | Farm |
Build order — King-Arthur
First 150 of 233 actions detected
| 0:01 | Create | Villager (Male) |
| 0:02 | Create | Villager (Male) |
| 0:02 | Create | Villager (Male) |
| 0:02 | Create | Villager (Male) |
| 0:02 | Create | Villager (Male) |
| 0:04 | Build | House |
| 0:06 | Build | House |
| 1:31 | Create | Villager (Male) |
| 1:51 | Create | Villager (Male) |
| 2:10 | Create | Villager (Male) |
| 2:40 | Create | Villager (Male) |
| 3:12 | Create | Villager (Male) |
| 3:12 | Create | Villager (Male) |
| 3:28 | Build | Lumber Camp |
| 3:32 | Build | House |
| 3:39 | Create | Villager (Male) |
| 3:39 | Create | Villager (Male) |
| 4:24 | Create | Villager (Male) |
| 4:53 | Create | Villager (Male) |
| 5:20 | Build | Mill |
| 5:33 | Create | Villager (Male) |
| 5:33 | Create | Villager (Male) |
| 5:59 | Research | Loom |
| 6:48 | Research | Feudal Age |
| 6:49 | Research | Feudal Age |
| 7:23 | Build | Barracks |
| 7:49 | Create | Villager (Male) |
| 7:57 | Build | House |
| 8:26 | Build | House |
| 8:58 | Age | Feudal Age |
| 9:01 | Build | Archery Range |
| 9:11 | Create | Spearman |
| 9:22 | Create | Villager (Male) |
| 9:31 | Research | Double-Bit Axe |
| 9:31 | Research | Double-Bit Axe |
| 9:50 | Create | Villager (Male) |
| 9:50 | Create | Villager (Male) |
| 9:57 | Create | Skirmisher |
| 9:57 | Create | Skirmisher |
| 10:17 | Create | Villager (Male) |
| 10:17 | Create | Villager (Male) |
| 10:17 | Create | Villager (Male) |
| 10:33 | Build | House |
| 10:35 | Create | Villager (Male) |
| 10:46 | Create | Skirmisher |
| 10:47 | Create | Skirmisher |
| 11:02 | Build | Farm |
| 11:03 | Build | Farm |
| 11:16 | Create | Villager (Male) |
| 11:29 | Create | Villager (Male) |
| 11:29 | Create | Villager (Male) |
| 11:31 | Build | House |
| 11:31 | Build | House |
| 11:41 | Create | Skirmisher |
| 11:41 | Create | Skirmisher |
| 12:13 | Create | Villager (Male) |
| 12:18 | Build | Farm |
| 12:19 | Build | Farm |
| 12:20 | Build | Farm |
| 12:30 | Create | Skirmisher |
| 12:43 | Build | Mill |
| 12:51 | Create | Skirmisher |
| 12:51 | Create | Villager (Male) |
| 13:04 | Create | Villager (Male) |
| 13:17 | Build | Blacksmith |
| 13:32 | Create | Villager (Male) |
| 13:34 | Build | Farm |
| 13:43 | Create | Villager (Male) |
| 14:01 | Build | House |
| 14:02 | Build | House |
| 14:04 | Research | Fletching |
| 14:11 | Build | House |
| 14:19 | Build | Farm |
| 14:20 | Build | Farm |
| 14:29 | Build | Farm |
| 14:55 | Build | Farm |
| 15:02 | Create | Villager (Male) |
| 15:05 | Build | Farm |
| 15:05 | Build | Farm |
| 15:44 | Create | Villager (Male) |
| 15:44 | Create | Villager (Male) |
| 15:49 | Build | Market |
| 15:51 | Build | House |
| 15:51 | Build | House |
| 15:53 | Build | House |
| 16:04 | Build | Mining Camp |
| 16:51 | Create | Villager (Male) |
| 17:14 | Build | House |
| 17:22 | Research | Castle Age |
| 17:32 | Create | Skirmisher |
| 17:32 | Create | Skirmisher |
| 17:32 | Create | Skirmisher |
| 17:52 | Research | Padded Archer Armor |
| 17:53 | Research | Padded Archer Armor |
| 18:10 | Create | Skirmisher |
| 18:43 | Create | Skirmisher |
| 18:50 | Build | Palisade Wall |
| 18:53 | Create | Villager (Male) |
| 19:03 | Build | Lumber Camp |
| 19:04 | Create | Villager (Male) |
| 19:07 | Research | Horse Collar |
| 19:07 | Research | Horse Collar |
| 19:18 | Create | Villager (Male) |
| 19:25 | Build | Palisade Wall |
| 19:47 | Create | Villager (Male) |
| 19:49 | Create | Skirmisher |
| 20:02 | Age | Castle Age |
| 20:05 | Research | Elite Skirmisher (upgrade) |
| 20:05 | Research | Elite Skirmisher (upgrade) |
| 20:10 | Research | Bow Saw |
| 20:18 | Research | Bodkin Arrow |
| 20:34 | Build | House |
| 20:39 | Create | Villager (Male) |
| 20:45 | Build | Town Center |
| 21:04 | Build | Siege Workshop |
| 21:39 | Create | Villager (Male) |
| 21:39 | Create | Villager (Male) |
| 21:55 | Build | Outpost |
| 21:57 | Research | Town Watch |
| 22:04 | Create | Villager (Male) |
| 22:04 | Create | Villager (Male) |
| 22:05 | Create | Villager (Male) |
| 22:08 | Create | Mangonel |
| 22:53 | Create | Villager (Male) |
| 23:08 | Create | Villager (Male) |
| 23:09 | Create | Villager (Male) |
| 23:12 | Create | Villager (Male) |
| 23:13 | Create | Skirmisher |
| 23:14 | Create | Skirmisher |
| 23:14 | Create | Skirmisher |
| 23:40 | Create | Villager (Male) |
| 23:40 | Create | Villager (Male) |
| 23:44 | Build | Farm |
| 23:44 | Build | Farm |
| 23:44 | Build | Farm |
| 23:44 | Build | Farm |
| 23:45 | Build | Farm |
| 23:45 | Build | Farm |
| 23:52 | Build | University |
| 23:53 | Build | House |
| 23:53 | Build | House |
| 23:57 | Build | House |
| 24:03 | Create | Scorpion |
| 24:05 | Create | Mangonel |
| 24:08 | Create | Villager (Male) |
| 24:08 | Create | Villager (Male) |
| 24:09 | Create | Skirmisher |
| 24:10 | Create | Skirmisher |
| 24:24 | Build | Mining Camp |
| 24:26 | Create | Villager (Male) |
Match timeline
| 6:49 | chubstorm · first_building Barracks |
| 7:23 | King-Arthur · first_building Barracks |
| 8:58 | King-Arthur · age_up feudal |
| 9:01 | King-Arthur · first_building Archery Range |
| 9:07 | chubstorm · wall_segment Palisade Wall x1 |
| 9:07 | chubstorm · wall_segment Palisade Wall x1 |
| 9:08 | chubstorm · wall_segment Palisade Wall x1 |
| 9:08 | chubstorm · wall_segment Palisade Wall x1 |
| 9:08 | chubstorm · wall_segment Palisade Wall x1 |
| 9:09 | chubstorm · wall_segment Palisade Wall x1 |
| 9:21 | chubstorm · age_up feudal |
| 9:44 | chubstorm · first_building Archery Range |
| 10:48 | chubstorm · wall_segment Palisade Wall x2 |
| 11:26 | chubstorm · wall_segment Palisade Wall x12 |
| 11:57 | chubstorm · wall_segment Palisade Wall x6 |
| 12:40 | chubstorm · wall_segment Palisade Wall x2 |
| 12:42 | chubstorm · wall_segment Palisade Wall x15 |
| 13:14 | chubstorm · wall_segment Palisade Wall x5 |
| 13:35 | chubstorm · wall_segment Palisade Wall x7 |
| 13:56 | chubstorm · wall_segment Palisade Wall x3 |
| 14:00 | chubstorm · wall_segment Palisade Wall x6 |
| 14:36 | chubstorm · wall_segment Palisade Wall x1 |
| 17:13 | King-Arthur · first_market_sell 100 wood |
| 18:43 | chubstorm · first_market_buy 100 food |
| 18:49 | chubstorm · first_market_sell 100 wood |
| 18:50 | King-Arthur · wall_segment Palisade Wall x12 |
| 19:25 | King-Arthur · wall_segment Palisade Wall x1 |
| 20:02 | King-Arthur · age_up castle |
| 20:56 | King-Arthur · first_market_buy 100 wood |
| 21:04 | King-Arthur · first_building Siege Workshop |
| 21:42 | chubstorm · age_up castle |
| 21:54 | chubstorm · first_building Castle |
| 25:21 | chubstorm · first_building Siege Workshop |
| 31:44 | chubstorm · first_building Monastery |
| 32:49 | King-Arthur · first_building Castle |
| 33:44 | chubstorm · resign |
[ AI ANALYSIS · 1 CREDIT ]
What really happened in this match?
Wolo.gg analyzes every decision: build order, eco, micro, common mistakes by bracket. Personalized analysis on WhatsApp or Discord in 30 seconds.
Civ guide
Koreans
Perfil
Jugador #254815